[Event "Team 45 45 League T51"]
[Site "Internet Chess Club"]
[Date "2011.11.25"]
[Round "3"]
[White "IanT"]
[Black "guyd52"]
[Result "1/2-1/2"]
[WhiteElo "1409"]
[BlackElo "1293"]
[Opening "Pirc: classical (two knights) system"]
[ECO "B06"]
[Time "07:12:14"]
[TimeControl "2700+45"]

1. e4 g6 2. d4 d6 3. Nf3 Bg7 4. Nc3 Nf6 5. Bd3 O-O 6. O-O Nbd7 7. Be3 c6 8. Qd2
e5 9. dxe5 Nxe5 10. Nxe5 dxe5 11. Rad1 Be6 12. Bh6 Qd4 13. Rfe1 Rfd8 14. Be3 Qb4
15. Qc1 Ng4 16. a3 Qe7 17. h3 Nxe3 18. Qxe3 Qh4 19. Na4 b6 20. Qg3 Qxg3 21. fxg3
Rd4 22. Nc3 Bf8 23. Bf1 Rad8 24. Be2 Bc5 25. Kh1 Rxd1 26. Rxd1 Rxd1+ 27. Nxd1
Ba2 28. b3 Bb1 29. Bd3 Bd4 30. g4 b5 31. Kh2 a5 32. Kg3 a4 33. bxa4 bxa4 34. Kf3
Ba2 35. Ne3 Bc5 36. Nc4 Bxc4 37. Bxc4 Bxa3 38. Ke2 g5 39. Kd3 Bb2 40. c3 a3 41.
Ba2 Kf8 42. Kc4 f6 43. Kb4 Ke7 44. c4 Kd6 45. c5+ Kc7 46. Bg8 Kb7 47. Kb3 Ka6
48. Kb4 h6 49. g3 Bd4 50. Kxa3 Bxc5+ 51. Kb3 Bf2 52. Kb4 Kb6 53. Bc4 c5+ 54. Kb3
Bxg3 55. Ka4 Be1 56. Kb3 Ka5 57. Ka3 Bd2 58. Kb3 Bc1 59. Bd5 Kb6 60. Kc4 Be3 61.
Kb3 Kc7 62. Kc4 Kd6 63. Bg8 Ke7 64. Kc3 Kf8 65. Bd5 Kg7 66. Kc4 Kg6 67. Kc3 h5
68. Kc4 {Game drawn by mutual agreement} 1/2-1/2

[Event "Team 45 45 League T51"]
[Site "Internet Chess Club"]
[Date "2011.11.27"]
[Round "3"]
[White "carolinaknight"]
[Black "lawth3"]
[Result "0-1"]
[WhiteElo "1381"]
[BlackElo "1177"]
[Opening "Caro-Kann: advance variation"]
[ECO "B12"]
[Time "19:00:19"]
[TimeControl "2700+45"]

1. e4 c6 2. d4 d5 3. e5 Bf5 4. Nc3 e6 5. Bd2 c5 6. g4 Bg6 7. Nce2 h6 8. c3 Nc6
9. Nf3 Qb6 10. b3 Nge7 11. Ng3 cxd4 12. Qc1 dxc3 13. Bxc3 Rc8 14. Qd2 Nb8 15.
Be2 Nec6 16. O-O Bb4 17. Rac1 Bxc3 18. Rxc3 O-O 19. Rfc1 Rc7 20. Rc5 a6 21. Qe3
Nd7 22. R5c3 Qxe3 23. fxe3 Rfc8 24. h4 f6 25. h5 Bh7 26. exf6 gxf6 27. Nd4 Kf7
28. Nf3 Rg8 29. Nh4 f5 30. Kg2 fxg4 31. Rf1+ Ke7 32. Rf4 Nde5 33. Bd1 Kd6 34.
Rf6 Nf7 35. Bc2 Bxc2 36. Rxc2 b5 37. Nhf5+ Ke5 38. Rg6 Rxg6 39. hxg6 exf5 40.
gxf7 Rxf7 41. Rxc6 f4 42. exf4+ Kxf4 43. Rxh6 Rd7 44. Nh5+ Kg5 45. Rh8 d4 46.
Ng3 d3 47. Rh5+ Kf4 48. Rf5+ Ke3 49. Rf2 d2 50. Re2+ Kd3 51. Kf2 d1=Q 52. Re3+
Kd4 53. Nf5+ Kc5 {White resigns} 0-1

[Event "Team 45 45 League T51"]
[Site "Internet Chess Club"]
[Date "2011.11.26"]
[Round "3"]
[White "Macovitski"]
[Black "WilmaP"]
[Result "1-0"]
[WhiteElo "1077"]
[BlackElo "1123"]
[Opening "Queen's pawn game"]
[ECO "D02"]
[Time "13:01:06"]
[TimeControl "2700+45"]

1. d4 d5 2. Nf3 e6 3. e3 c6 4. Bd3 Nf6 5. Nbd2 Nbd7 6. O-O c5 7. c3 c4 8. Bc2
Bd6 9. Re1 Qc7 10. e4 Ng4 11. Nf1 O-O 12. e5 Be7 13. h3 Ngf6 14. exf6 Nxf6 15.
Ng3 Bd6 16. Bg5 Bxg3 17. fxg3 Ne4 18. Bxe4 dxe4 19. Ne5 f6 20. Bxf6 Rxf6 21.
Rxe4 b6 22. Nxc4 Qxc4 23. Qd2 Bb7 24. Re5 Qc6 25. Re2 Qd6 26. g4 Raf8 27. Ree1
h6 28. b3 Qc7 29. c4 a6 30. d5 Qc5+ 31. Kh1 exd5 32. b4 Qxc4 33. Rac1 Qb5 34.
Kh2 Rf2 35. Qd4 Rxa2 36. Qe5 d4 37. Qe6+ Kh7 38. Qxa2 Bd5 39. Qd2 d3 40. Re3 Bc4
41. Re4 Re8 42. Rcxc4 Rxe4 43. Rxe4 a5 44. bxa5 bxa5 45. g5 Qd5 46. Re3 Qd6+ 47.
Kh1 hxg5 48. Qxd3+ Qxd3 49. Rxd3 a4 50. Ra3 g6 51. Rxa4 Kh6 52. Kh2 Kh5 53. Kg3
Kh6 54. Kf3 Kh5 55. g3 Kh6 56. h4 Kh5 57. hxg5 Kxg5 58. Rg4+ Kh5 59. Rh4+ Kg5
60. Rg4+ Kh5 61. Kf4 Kh6 62. Rh4+ Kg7 63. Kg5 Kf7 64. Rh6 Kg7 65. Rxg6+ Kh7 66.
Kf6 Kh8 67. Kf7 Kh7 68. Rg4 Kh6 69. Kf6 Kh5 70. Rg8 Kh6 71. Rh8# {Black
checkmated} 1-0

[Event "Team 45 45 League T51"]
[Site "Internet Chess Club"]
[Date "2011.11.27"]
[Round "3"]
[White "tc622"]
[Black "medsurg"]
[Result "0-1"]
[WhiteElo "1228"]
[BlackElo "1386"]
[Opening "Ruy Lopez: Marshall, main line, 14...Qh3"]
[ECO "C89"]
[Time "18:00:07"]
[TimeControl "2700+45"]

1. e4 e5 2. Nf3 Nc6 3. Bb5 a6 4. Ba4 Nf6 5. O-O b5 6. Bb3 Be7 7. Re1 O-O 8. c3
d5 9. exd5 Nxd5 10. Nxe5 Nxe5 11. Rxe5 c6 12. d4 Bd6 13. Re1 Qh4 14. g3 Qh3 15.
Qf3 Bg4 16. Qg2 Qh5 17. Nd2 Rae8 18. Ne4 Bf3 19. Qf1 Rxe4 20. Rxe4 Bxe4 21. Bd2
Qf3 22. Bd1 Qh1# {White checkmated} 0-1

[Event "Team 45 45 League T51"]
[Site "Internet Chess Club"]
[Date "2011.11.27"]
[Round "3"]
[White "tamky70"]
[Black "sockmonkey"]
[Result "0-1"]
[WhiteElo "1326"]
[BlackElo "1327"]
[Opening "QGD: 3.Nc3"]
[ECO "D31"]
[Time "09:31:02"]
[TimeControl "2700+45"]

1. d4 d5 2. c4 e6 3. Nc3 f5 4. Nf3 c6 5. e3 Nf6 6. Be2 Bd6 7. c5 Bc7 8. Bd2 O-O
9. Ne5 Nbd7 10. Nxd7 Qxd7 11. Bf3 b6 12. b4 Ba6 13. Be2 Bxe2 14. Nxe2 Ne4 15.
Nf4 bxc5 16. dxc5 Be5 17. Rc1 Bb2 18. Rc2 Ba3 19. O-O Rab8 20. Nd3 Rb5 21. f3
Nxd2 22. Qxd2 Rfb8 23. Rb1 Qb7 24. Rb3 Bxb4 25. Nxb4 Rxb4 26. Rxb4 Qxb4 27. Qxb4
Rxb4 28. Kf2 g5 29. h3 h5 30. g3 Kf7 31. Ke2 Kf6 32. Kd3 a5 33. f4 g4 34. h4 e5
35. fxe5+ Kxe5 36. Rf2 Rc4 37. Rc2 Rxc2 38. Kxc2 Ke4 39. Kd2 Kf3 40. Kd3 Kxg3
41. Kd4 Kxh4 42. Ke5 g3 43. Kd6 g2 44. Kxc6 g1=Q 45. Kc7 {White resigns} 0-1

[Event "Team 45 45 League T51"]
[Site "Internet Chess Club"]
[Date "2011.11.26"]
[Round "3"]
[White "nlobo"]
[Black "theartist"]
[Result "0-1"]
[WhiteElo "1148"]
[BlackElo "1233"]
[Opening "French defense"]
[ECO "C00"]
[Time "10:01:55"]
[TimeControl "2700+45"]

1. e4 e6 2. Bc4 d5 3. exd5 exd5 4. Qe2+ Be7 5. Bb5+ c6 6. Qe5 Nf6 7. Be2 O-O 8.
d4 Bd6 9. Qg5 Re8 10. Be3 h6 11. Qh4 Re4 12. f4 Rxe3 13. Nd2 Qe7 14. Nf1 Re4 15.
Ng3 Rxf4 16. Nf5 Rxh4 17. Nxe7+ Bxe7 18. O-O-O Ne4 19. Nf3 Rg4 20. Ne1 Nf2 21.
Bxg4 Bxg4 22. h3 Bg5+ 23. Rd2 Bxd2+ 24. Kxd2 Nxh1 25. hxg4 Nd7 26. Nd3 Re8 27.
b3 Ng3 28. c4 Re2+ 29. Kc3 Rxa2 30. cxd5 cxd5 31. Nb4 Rxg2 32. Nxd5 Ne2+ 33. Kc4
Rxg4 34. Ne7+ Kf8 35. Nf5 Nxd4 36. Nxd4 Rxd4+ 37. Kxd4 h5 38. Ke3 g5 39. Kf3 f5
40. Ke3 h4 41. Kf3 Ne5+ 42. Kf2 g4 43. b4 f4 44. b5 h3 45. b6 axb6 46. Kg1 b5
47. Kf2 b4 48. Kg1 b3 49. Kh1 g3 50. Kg1 b2 51. Kf1 b1=Q+ 52. Ke2 Qc2+ 53. Kf1
Qd1# {White checkmated} 0-1

[Event "Team 45 45 League T51"]
[Site "Internet Chess Club"]
[Date "2011.11.28"]
[Round "3"]
[White "zap2"]
[Black "badmove"]
[Result "1/2-1/2"]
[WhiteElo "1847"]
[BlackElo "1708"]
[Opening "Réti: King's Indian attack"]
[ECO "A08"]
[Time "04:12:15"]
[TimeControl "2700+45"]

1. Nf3 d5 2. g3 c5 3. Bg2 Nc6 4. d3 e5 5. Nbd2 Nf6 6. e4 d4 7. Nc4 Bg4 8. a4 Nd7
9. b3 h6 10. O-O g5 11. h3 Bh5 12. Qe1 Qf6 13. Nh2 Qd8 14. f4 gxf4 15. gxf4 Rg8
16. Kh1 Qe7 17. Bf3 Bg6 18. Rg1 Bh7 19. Rxg8 Bxg8 20. Qg3 Bh7 21. Ng4 f6 22.
fxe5 fxe5 23. Nxh6 O-O-O 24. Bg5 Qg7 25. Rg1 Be7 26. Bxe7 Qxe7 27. Bg4 Qg7 28.
Bxd7+ Qxd7 29. Nxe5 Nxe5 30. Qxe5 Qxh3+ 31. Qh2 Qf3+ 32. Qg2 Qh5+ {Game drawn by
mutual agreement} 1/2-1/2

[Event "Team 45 45 League T51"]
[Site "Internet Chess Club"]
[Date "2011.11.25"]
[Round "3"]
[White "cBishop"]
[Black "Kheeljoi"]
[Result "0-1"]
[WhiteElo "1695"]
[BlackElo "1792"]
[Opening "Sicilian: Najdorf, Lipnitzky attack"]
[ECO "B86"]
[Time "11:04:21"]
[TimeControl "2700+45"]

1. e4 c5 2. Nf3 d6 3. d4 cxd4 4. Nxd4 Nf6 5. Nc3 a6 6. Bc4 e6 7. O-O Be7 8. Kh1
b5 9. Bb3 Bb7 10. f3 Qd7 11. Be3 Nc6 12. Qe1 O-O 13. Rd1 Ne5 14. Qg3 Rac8 15.
Nce2 a5 16. a3 a4 17. Ba2 Ng6 18. c3 Rfd8 19. Qh3 d5 20. Ng3 dxe4 21. fxe4 Qe8
22. Rd2 Kh8 23. Rdf2 Ne5 24. Nh5 Nxe4 25. Nxg7 Nxf2+ 26. Rxf2 Kxg7 27. Qh6+ Kg8
28. Bb1 Ng6 29. h4 Bf8 30. Qg5 Bg7 31. h5 f6 32. Qg3 Ne5 33. h6 Qh5+ 34. Kg1 Qg4
35. Qh2 Bf8 36. Ba2 Bd5 37. Bb1 Bd6 {White resigns} 0-1

[Event "Team 45 45 League T51"]
[Site "Internet Chess Club"]
[Date "2011.11.25"]
[Round "3"]
[White "mongmong"]
[Black "GrandUnified"]
[Result "1-0"]
[WhiteElo "1604"]
[BlackElo "1638"]
[Opening "Dutch"]
[ECO "A80"]
[Time "09:24:26"]
[TimeControl "2700+45"]

1. d4 f5 2. Nf3 e6 3. e3 Nf6 4. Bd3 d5 5. O-O Bd6 6. c3 Nbd7 7. Qe2 O-O 8. Nfd2
c5 9. f3 c4 10. Bc2 a5 11. e4 fxe4 12. fxe4 Ne8 13. e5 Be7 14. Rxf8+ Nxf8 15.
Qg4 b5 16. Nf3 h6 17. Bxh6 b4 18. Bg6 Nxg6 19. Qxg6 Ra7 20. Nbd2 bxc3 21. bxc3
Rb7 22. Rf1 Bd7 23. Bg5 Ba4 24. Bxe7 Qxe7 25. Ng5 Bc2 26. Qxe6+ Qxe6 27. Nxe6 g6
28. Rf8+ {Black resigns} 1-0

[Event "Team 45 45 League T51"]
[Site "Internet Chess Club"]
[Date "2011.11.28"]
[Round "3"]
[White "drsigmund1"]
[Black "seattleblues"]
[Result "1-0"]
[WhiteElo "1379"]
[BlackElo "1508"]
[Opening "Caro-Kann: Goldman (Spielmann) variation"]
[ECO "B11"]
[Time "20:00:07"]
[TimeControl "2700+45"]

1. e4 c6 2. Nc3 d5 3. Qf3 dxe4 4. Nxe4 Nd7 5. d4 Ngf6 6. Bc4 e6 7. Ne2 Nxe4 8.
Qxe4 Nf6 9. Qf3 Be7 10. Qg3 Bd6 11. Bf4 Nh5 12. Qe3 b5 13. Bxd6 Qxd6 14. Bd3 Nf6
15. O-O O-O 16. Rad1 Qc7 17. Ng3 Re8 18. Ne4 Ng4 19. Qg3 Qxg3 20. Nxg3 e5 21.
Rfe1 Bd7 22. h3 Nf6 23. Rxe5 Rxe5 24. dxe5 Nd5 25. c4 Nf4 26. Bxh7+ Kxh7 27.
Rxd7 Kg8 28. cxb5 cxb5 29. Rd4 Ne6 30. Rb4 a6 31. f4 Rb8 32. a4 a5 33. Rxb5 Rxb5
34. axb5 Nc5 35. Ne2 Kf8 36. Nd4 Ke7 37. Kf1 Kd7 38. Ke2 Kc7 39. f5 Nd7 40. e6
fxe6 41. Nxe6+ Kb6 42. Nxg7 Kxb5 43. Ne6 Kb4 44. Kd2 Kb3 45. Kc1 Nf6 46. g4 Ne4
47. h4 Nf2 48. g5 Nd3+ 49. Kb1 Nxb2 50. Nd4+ Kc3 51. Nb5+ Kb3 52. f6 a4 53. f7
a3 54. Nxa3 Kxa3 55. f8=Q+ {Black resigns} 1-0

[Event "Team 45 45 League T51"]
[Site "Internet Chess Club"]
[Date "2011.11.27"]
[Round "3"]
[White "IceBox"]
[Black "jotap"]
[Result "1-0"]
[WhiteElo "1795"]
[BlackElo "1630"]
[Opening "King's Indian: Sämisch, 5...O-O"]
[ECO "E81"]
[Time "06:30:04"]
[TimeControl "2700+45"]

1. d4 Nf6 2. c4 g6 3. Nc3 Bg7 4. e4 O-O 5. f3 d6 6. Be3 Nbd7 7. Qd2 e5 8. Nge2
Re8 9. Rd1 b6 10. d5 Ba6 11. Ng3 Nc5 12. Be2 Kh8 13. Bg5 Qd7 14. b4 Na4 15. h4
Ng8 16. h5 Nxc3 17. Qxc3 Bc8 18. c5 Qa4 19. Bd3 Qxa2 20. Be2 Qa4 21. Ra1 Qd7 22.
c6 Qe6 23. dxe6 Bxe6 24. Bc4 d5 25. exd5 Bc8 26. Rd1 e4 27. Qe3 exf3 28. Qxe8
Bc3+ 29. Bd2 fxg2 30. Bxc3+ {Black resigns} 1-0

[Event "Team 45 45 League T51"]
[Site "Internet Chess Club"]
[Date "2011.11.26"]
[Round "3"]
[White "celebrat"]
[Black "calily"]
[Result "0-1"]
[WhiteElo "1527"]
[BlackElo "1699"]
[Opening "QGD semi-Slav: Stoltz variation"]
[ECO "D45"]
[Time "10:01:41"]
[TimeControl "2700+45"]

1. d4 d5 2. c4 c6 3. Nc3 Nf6 4. Nf3 e6 5. e3 Nbd7 6. Qc2 Be7 7. b3 O-O 8. Bd3 h6
9. O-O Qc7 10. Bb2 Re8 11. Rfe1 Bd6 12. h3 e5 13. dxe5 Nxe5 14. Nxe5 Bxe5 15.
cxd5 Bxc3 16. Qxc3 Qd6 17. dxc6 bxc6 18. Rad1 Qe6 19. Bc4 Qf5 20. Qd3 Qg5 21.
Kh2 Ne4 22. Qe2 Bf5 23. f4 Qg3+ 24. Kh1 Nf2+ 25. Kg1 Nxd1 26. Qxd1 Bxh3 27.
Bxf7+ Kxf7 28. Qh5+ Kg8 29. Qxh3 Qxe1+ {White resigns} 0-1

[Event "Team 45 45 League T51"]
[Site "Internet Chess Club"]
[Date "2011.11.27"]
[Round "3"]
[White "Juan73"]
[Black "Timotheous"]
[Result "1-0"]
[WhiteElo "1774"]
[BlackElo "1629"]
[Opening "Sicilian: accelerated fianchetto, modern variation"]
[ECO "B34"]
[Time "20:05:03"]
[TimeControl "2700+45"]

1. e4 c5 2. Nc3 Nc6 3. Nf3 g6 4. d4 cxd4 5. Nxd4 Bg7 6. Be3 Nf6 7. Qd2 d5 8.
Nxc6 bxc6 9. O-O-O a6 10. exd5 Rb8 11. dxc6 Qxd2+ 12. Rxd2 e6 13. c7 Ra8 14.
Rd8+ Ke7 15. Bc5# {Black checkmated} 1-0

[Event "Team 45 45 League T51"]
[Site "Internet Chess Club"]
[Date "2011.11.25"]
[Round "3"]
[White "Lee-D"]
[Black "Andressa"]
[Result "1-0"]
[WhiteElo "1350"]
[BlackElo "1440"]
[Opening "Queen's pawn, Mason variation"]
[ECO "D00"]
[Time "18:00:23"]
[TimeControl "2700+45"]

1. d4 d5 2. Bf4 Nf6 3. e3 e6 4. Bd3 Be7 5. Nf3 O-O 6. O-O Nbd7 7. Nbd2 h6 8. c4
c5 9. Rc1 Qb6 10. Qb3 Qxb3 11. Nxb3 b6 12. Ne5 Bb7 13. dxc5 Nxc5 14. Nxc5 Bxc5
15. a3 a5 16. Rfd1 Rfd8 17. Be2 Nd7 18. Nd3 f6 19. Nxc5 bxc5 20. Bf3 Nb6 21. Bc7
Nxc4 22. Bxd8 Nxb2 23. Rd2 Nc4 24. Rxc4 {Black resigns} 1-0

[Event "Team 45 45 League T51"]
[Site "Internet Chess Club"]
[Date "2011.11.25"]
[Round "3"]
[White "Visin"]
[Black "otib2006"]
[Result "0-1"]
[WhiteElo "1277"]
[BlackElo "1260"]
[Opening "Sicilian"]
[ECO "B56"]
[Time "14:00:13"]
[TimeControl "2700+45"]

1. e4 c5 2. Nf3 d6 3. d4 cxd4 4. Nxd4 Nf6 5. Nc3 e5 6. Nf3 Be7 7. Be2 Bg4 8. O-O
Nc6 9. Be3 O-O 10. h3 Bh5 11. Nd2 Bxe2 12. Qxe2 Nd4 13. Bxd4 exd4 14. Na4 Qa5
15. b3 Rac8 16. Nc4 Qd8 17. Nab2 b5 18. Na3 a6 19. Nb1 Rc5 20. Nd3 Rc6 21. Nb4
Rb6 22. Rd1 a5 23. Nd5 Nxd5 24. exd5 Bf6 25. Na3 d3 26. Qxd3 Bxa1 27. Rxa1 Qf6
28. Re1 b4 29. Nc4 Rbb8 30. Nxa5 Rfe8 31. Rxe8+ Rxe8 32. Qd2 Qc3 33. Qxc3 bxc3
34. Kf1 Re5 35. Nc4 Rxd5 36. a4 Rd1+ 37. Ke2 Rc1 38. Kd3 d5 39. Nb6 d4 40. Kxd4
Rxc2 41. Kc4 Rxf2 42. a5 c2 {White resigns} 0-1

[Event "Team 45 45 League T51"]
[Site "Internet Chess Club"]
[Date "2011.11.28"]
[Round "3"]
[White "Elalfer"]
[Black "reverendjim"]
[Result "1/2-1/2"]
[WhiteElo "1334"]
[BlackElo "1409"]
[Opening "QGD Slav: 4.Nc3"]
[ECO "D15"]
[Time "23:00:10"]
[TimeControl "2700+45"]

1. d4 d5 2. c4 c6 3. Nf3 Nf6 4. Nc3 Bg4 5. e3 e6 6. Be2 dxc4 7. Bxc4 Be7 8. h3
Bxf3 9. Qxf3 O-O 10. O-O Nbd7 11. e4 Nb6 12. Qd3 Nxc4 13. Qxc4 Qb6 14. Bg5 h6
15. Bh4 Rfe8 16. Na4 Qc7 17. e5 Nd5 18. Bxe7 Rxe7 19. Nc3 Qb6 20. Qc5 Qxc5 21.
dxc5 Nxc3 22. bxc3 Rd8 23. Rfd1 Red7 24. Rxd7 Rxd7 25. Rb1 Kf8 26. f4 f6 27.
exf6 gxf6 28. Kf1 Kf7 29. Ke2 Kg6 30. g4 f5 31. Ke3 Kf6 32. c4 e5 33. fxe5+ Kxe5
34. Rf1 Rf7 35. gxf5 Rxf5 36. Rxf5+ Kxf5 37. Kf3 h5 38. Kg3 Kg5 39. h4+ Kf5 40.
Kf3 b6 41. cxb6 axb6 42. c5 b5 43. a3 Ke5 44. Ke3 Kd5 45. Kf4 Kxc5 46. Kg5 Kd5
47. Kxh5 c5 48. Kg6 c4 49. h5 c3 50. h6 c2 51. h7 c1=Q 52. h8=Q {Game drawn by
mutual agreement} 1/2-1/2

[Event "Team 45 45 League T51"]
[Site "Internet Chess Club"]
[Date "2011.11.28"]
[Round "3"]
[White "katabatico"]
[Black "tamky70"]
[Result "0-1"]
[WhiteElo "1420"]
[BlackElo "1347"]
[Opening "Pirc: classical system, 5.Be2"]
[ECO "B08"]
[Time "15:01:25"]
[TimeControl "2700+45"]

1. e4 d6 2. d4 Nf6 3. Nc3 g6 4. Nf3 Bg7 5. Be2 O-O 6. O-O Nc6 7. Re1 e5 8. d5
Ne7 9. a3 c6 10. Bc4 Qb6 11. Na4 Qc7 12. Nc3 b5 13. Ba2 a6 14. b4 c5 15. bxc5
Qxc5 16. Nb1 Bd7 17. Be3 Qc7 18. Bg5 Bg4 19. Nbd2 Nc8 20. Rc1 h6 21. Bxf6 Bxf6
22. c4 Qa5 23. Qb3 bxc4 24. Nxc4 Qb5 25. Qc2 Qc5 26. Qd2 Bxf3 27. Nxe5 Qa7 28.
Nxf3 Kg7 29. h3 Nb6 30. Nh2 Nd7 31. Ng4 g5 32. h4 Ne5 33. Nxf6 Kxf6 34. hxg5+
hxg5 35. Re3 Kg6 36. Rg3 f6 37. Bb3 Rh8 38. Rh3 Rxh3 39. gxh3 Nf3+ {White
resigns} 0-1

[Event "Team 45 45 League T51"]
[Site "Internet Chess Club"]
[Date "2011.11.25"]
[Round "3"]
[White "spongenotbob"]
[Black "Juan73"]
[Result "0-1"]
[WhiteElo "1595"]
[BlackElo "1764"]
[Opening "Queen's gambit accepted"]
[ECO "D20"]
[Time "19:09:39"]
[TimeControl "2700+45"]

1. d4 d5 2. c4 dxc4 3. Nc3 Nf6 4. e4 e5 5. d5 c6 6. Bxc4 Bc5 7. h3 O-O 8. Nf3
Qb6 9. O-O cxd5 10. Nxd5 Nxd5 11. Bxd5 Qd6 12. a3 Qe7 13. Bg5 Qe8 14. Qb3 Bb6
15. Qc3 Nd7 16. Rfd1 Kh8 17. a4 f6 18. Bh4 a5 19. Qb3 Ba7 20. Be6 Nc5 21. Qb5
Qxb5 22. axb5 Bxe6 23. Rxa5 Nxe4 {White resigns} 0-1

[Event "Team 45 45 League T51"]
[Site "Internet Chess Club"]
[Date "2011.11.26"]
[Round "3"]
[White "PANAMA-REY"]
[Black "medsurg"]
[Result "0-1"]
[WhiteElo "1334"]
[BlackElo "1376"]
[Opening "Two knights defense"]
[ECO "C58"]
[Time "19:02:44"]
[TimeControl "2700+45"]

1. e4 e5 2. Nf3 Nc6 3. Bc4 Nf6 4. Ng5 d5 5. exd5 Na5 6. Bb5+ c6 7. dxc6 bxc6 8.
Ba4 h6 9. Nf3 e4 10. Qe2 Be7 11. Ne5 O-O 12. Nxc6 Nxc6 13. Bxc6 Bg4 14. Qe3 Rc8
15. Bxe4 Re8 16. O-O Bc5 17. d4 Bxd4 18. Qg3 Rxe4 19. Kh1 Be5 20. f4 Bd4 21. Nc3
Bxc3 22. bxc3 Rec4 23. Bb2 Qd2 24. Rac1 Be2 25. Rfe1 Ne4 26. Qh4 Qe3 27. h3 Nf2+
28. Kh2 Rxf4 29. Qg3 Qe4 30. Rxe2 Qxe2 31. Qxf4 Rc4 32. Qg3 g5 33. Ba3 Rh4 34.
Kg1 Nxh3+ 35. Kh2 Nf4+ 36. Kg1 Rg4 37. Re1 Rxg3 38. Rxe2 Nxe2+ 39. Kf1 Nxc3 40.
Bd6 Rg4 41. Kf2 Nxa2 42. Kf3 f5 43. g3 Nc3 44. Bc5 a5 45. Bd6 Kf7 46. Be5 Nd5
47. c3 Ke6 48. Bd4 a4 49. Bg7 Nb6 50. Bxh6 Nc4 51. Ke2 a3 52. Kd1 a2 {White
resigns} 0-1

[Event "Team 45 45 League T51"]
[Site "Internet Chess Club"]
[Date "2011.11.27"]
[Round "3"]
[White "tworivers"]
[Black "Sandia"]
[Result "1/2-1/2"]
[WhiteElo "1373"]
[BlackElo "1323"]
[Opening "Queen's pawn, Mason variation"]
[ECO "D00"]
[Time "21:00:06"]
[TimeControl "2700+45"]

1. d4 d5 2. Bf4 Nf6 3. h3 g6 4. e3 Bg7 5. Nf3 Nc6 6. c3 a6 7. a4 Bd7 8. Bd3 e6
9. Nbd2 b6 10. O-O O-O 11. Qe2 a5 12. Bb5 Na7 13. Bxd7 Nxd7 14. Ne5 Nxe5 15.
Bxe5 Bxe5 16. dxe5 Nc6 17. f4 Ne7 18. g4 c5 19. Nf3 f5 20. Ng5 Qd7 21. Qf2 h6
22. Nf3 Rf7 23. g5 h5 24. Nd2 Rd8 25. Nb3 Nc6 26. Rfd1 Qb7 27. Qe2 Rfd7 28. Qb5
d4 29. exd4 cxd4 30. Qc4 dxc3 31. Qxe6+ Kh7 32. Rxd7+ Qxd7 33. Qxd7+ Rxd7 34.
bxc3 Rd3 35. Re1 Rxc3 36. e6 Ne7 37. Nd4 Rc4 38. Rd1 Kg7 39. Nb5 Rxa4 40. Rd7
Kf8 41. Rd8+ Kg7 42. Nd6 Ra1+ 43. Kf2 Ra2+ 44. Ke1 Ra1+ 45. Kd2 Ra2+ 46. Kc1 Re2
47. Ne8+ Kh7 48. Nf6+ Kg7 49. Ne8+ Kh7 50. Nf6+ {Game drawn by mutual agreement}
1/2-1/2

[Event "Team 45 45 League T51"]
[Site "Internet Chess Club"]
[Date "2011.11.29"]
[Round "3"]
[White "Docvan"]
[Black "mattphelps"]
[Result "0-1"]
[WhiteElo "1198"]
[BlackElo "1328"]
[Opening "Caro-Kann: classical variation"]
[ECO "B18"]
[Time "20:01:01"]
[TimeControl "2700+45"]

1. e4 c6 2. d4 d5 3. Nc3 dxe4 4. Nxe4 Bf5 5. Ng3 Bg6 6. Nf3 Nf6 7. Bc4 e6 8. O-O
Be7 9. Re1 Nbd7 10. Bd2 b5 11. Bb3 Nd5 12. c4 bxc4 13. Bxc4 Rb8 14. b3 N7b6 15.
Ne5 Qd6 16. Nxg6 hxg6 17. Bd3 O-O 18. Ne4 Qc7 19. Qc1 f5 20. Ng3 Qd6 21. Bg5 Bf6
22. Bd2 Bxd4 23. Rb1 e5 24. Bh6 Nf6 25. Qg5 Ng4 26. Nxf5 Bxf2+ 27. Kh1 Qf6 28.
Qxg4 Bxe1 29. Rxe1 gxf5 30. Bxf5 Qxh6 31. Be6+ Kh8 32. h3 Rf4 33. Qe2 Qxe6 34.
Qa6 Rbf8 35. a4 Qxb3 36. a5 Rf1+ 37. Rxf1 Rxf1+ 38. Qxf1 Nd5 39. Qf8+ Kh7 40.
Qf5+ Kg8 41. Qc8+ Kf7 42. Qd7+ Kf6 43. Qd6+ Kf5 44. Qf8+ Ke4 45. Qxg7 Qd1+ 46.
Kh2 Nf4 47. Qh7+ Ke3 48. Qxa7+ Qd4 49. Qxd4+ Kxd4 50. a6 Ne6 51. a7 Nc7 52. g4
e4 53. Kg1 Ke3 54. Kf1 Kd2 55. g5 e3 56. g6 e2+ 57. Kf2 e1=Q+ 58. Kf3 Qg1 59.
Ke4 Qxg6+ 60. Kd4 Qe8 61. Kc5 Qa8 62. Kb6 Nb5 63. h4 Nxa7 64. h5 Nc8+ 65. Kc5
Ne7 66. Kd6 Nf5+ 67. Kc5 Qh8 68. Kxc6 Qxh5 69. Kd5 Ne3+ 70. Ke4 Qg4+ 71. Ke5 Kd3
72. Kd6 Qe4 73. Kc5 Qd4+ 74. Kc6 Kc4 75. Kc7 Kc5 {White resigns} 0-1

[Event "Team 45 45 League T51"]
[Site "Internet Chess Club"]
[Date "2011.11.25"]
[Round "3"]
[White "UsuallySleepy"]
[Black "Reeza"]
[Result "1-0"]
[WhiteElo "1947"]
[BlackElo "1773"]
[Opening "Two knights defense (Modern bishop's opening)"]
[ECO "C55"]
[Time "20:00:54"]
[TimeControl "2700+45"]

1. e4 e5 2. Nf3 Nc6 3. Bc4 Nf6 4. d3 d5 5. exd5 Nxd5 6. O-O Be7 7. Re1 Bg4 8. h3
Bxf3 9. Qxf3 Nf6 10. Bb5 Qd6 11. Nd2 Nd7 12. Bxc6 Qxc6 13. Qxc6 bxc6 14. Nc4 f6
15. f4 exf4 16. Bxf4 Nb6 17. Nxb6 axb6 18. Bxc7 Ra6 19. Bd6 Ra7 20. Kf2 Kf7 21.
Bxe7 Rxe7 22. Rxe7+ Kxe7 23. a4 c5 24. c3 Rd8 25. Ke3 Rd5 26. a5 bxa5 27. Rxa5
Re5+ 28. Kf2 Rf5+ 29. Kg1 Ke6 30. b4 Rd5 31. Rxc5 Rxd3 32. b5 Kd7 33. Kf2 g5 34.
c4 Rb3 35. Rc6 Rb4 36. Ke3 f5 37. Kd4 f4 38. Kc5 Rb2 39. b6 {Black resigns} 1-0

[Event "Team 45 45 League T51"]
[Site "Internet Chess Club"]
[Date "2011.11.25"]
[Round "3"]
[White "frank001"]
[Black "LAgenieMP"]
[Result "1/2-1/2"]
[WhiteElo "1728"]
[BlackElo "1891"]
[Opening "Scandinavian: Marshall variation"]
[ECO "B01"]
[Time "23:00:46"]
[TimeControl "2700+45"]

1. e4 d5 2. exd5 Nf6 3. d4 Nxd5 4. c4 Nb6 5. Nf3 Bg4 6. c5 N6d7 7. Bc4 e6 8. h3
Bh5 9. Be3 b6 10. cxb6 axb6 11. a3 Be7 12. Nc3 O-O 13. g4 Bg6 14. Bd3 Nf6 15.
Bxg6 hxg6 16. Qe2 Nc6 17. O-O Nd5 18. Nxd5 Qxd5 19. Rac1 Bd6 20. Rc3 Ra4 21.
Rfc1 Ne7 22. Nd2 e5 23. dxe5 Qxe5 24. Nf3 Qe6 25. Qc2 Rfa8 26. Kf1 Nd5 27. Rd3
Bf4 28. Re1 Bxe3 29. fxe3 c5 30. Qd2 Nf6 31. Rd8+ Rxd8 32. Qxd8+ Ne8 33. Kf2 Kf8
34. Rd1 b5 35. Qh4 Kg8 36. Rd2 f6 37. Qg3 Re4 38. Nh4 g5 39. Nf5 g6 40. Nd6 Nxd6
41. Rxd6 Qe7 42. Rb6 Qd7 43. Rd6 Qe7 44. Rb6 Qd7 45. Rd6 Qe7 {Game drawn by
repetition} 1/2-1/2

[Event "Team 45 45 League T51"]
[Site "Internet Chess Club"]
[Date "2011.11.26"]
[Round "3"]
[White "Kingofknights"]
[Black "IceBox"]
[Result "0-1"]
[WhiteElo "1726"]
[BlackElo "1785"]
[Opening "QGD: Lasker defense"]
[ECO "D56"]
[Time "17:00:24"]
[TimeControl "2700+45"]

1. d4 Nf6 2. c4 e6 3. Nc3 d5 4. Bg5 Be7 5. e3 O-O 6. Nf3 h6 7. Bh4 Ne4 8. Bxe7
Qxe7 9. c5 Nd7 10. Bd3 Nxc3 11. bxc3 c6 12. O-O e5 13. Be2 e4 14. Nd2 Qg5 15. f4
exf3 16. Rxf3 Re8 17. Rg3 Qe7 18. Bd3 Nf6 19. Qf3 Bg4 20. Qf2 h5 21. e4 dxe4 22.
Re3 Be6 23. Nxe4 Ng4 24. Qf3 Nxe3 25. Qxe3 Bd5 26. Re1 f5 27. Nf6+ Qxf6 28.
Qxe8+ Rxe8 29. Rxe8+ Kf7 30. Re5 g6 31. c4 Qh4 {White resigns} 0-1